 Dungeon Crawl Stone Soup version 0.30-a0-711-gf4ac18a38d (webtiles) character file.

Game seed: 6432020235793591126

700 pokeman the Thaumaturge (level 7, 0/60 HPs)
             Began as a Deep Elf Hedge Wizard on Jan 22, 2023.
             Was an Initiate of Vehumet.
             Succumbed to a water moccasin's poison
             ... on level 4 of the Dungeon on Jan 23, 2023.
             The game lasted 00:09:06 (4892 turns).

pokeman the Thaumaturge (Deep Elf Hedge Wizard)     Turns: 4892, Time: 00:09:06

Health: 0/60       AC:  4    Str:  7    XL:     7   Next: 38%
Magic:  8/20       EV: 18    Int: 21    God:    Vehumet [......]
Gold:   211        SH:  0    Dex: 14    Spells: 14/22 levels left

rFire   . . .      SeeInvis .    A - +3 morningstar (holy)
rCold   . . .      Faith    .    (no shield)
rNeg    . . .      Spirit   .    b - +0 robe
rPois   .          Reflect  .    r - +0 helmet
rElec   .          Harm     .    (no cloak)
rCorr   .          Rampage  .    (no gloves)
Will    .....                    t - +0 pair of boots Stlth
                                 a - amulet of the acrobat
HPRegen 0.30/turn                e - +5 ring of evasion
MPRegen 0.17/turn                (no ring)

@: berserking, lethally poisoned (0 -> -3), invisible, very quick
A: no striking features
a: Renounce Religion


You were on level 4 of the Dungeon.
You worshipped Vehumet.
Vehumet was noncommittal.
You visited 2 branches of the dungeon, and saw 5 of its levels.

You collected 211 gold pieces.

Inventory:

Hand Weapons
 q - a +3 rapier
 A - a +3 morningstar of holy wrath (weapon)
Armour
 b - a +0 robe (worn)
 r - a +0 helmet (worn)
 t - a +0 pair of boots (worn)
Magical Staves
 k - a staff of conjuration
Jewellery
 a - an amulet of the acrobat (around neck)
 e - a +5 ring of evasion (left hand)
Scrolls
 f - a scroll of butterflies {unknown}
 i - 2 scrolls of vulnerability {unknown}
 j - a scroll of torment {unknown}
 m - 8 scrolls of identify {unknown}
 n - a scroll of noise {unknown}
 o - 2 scrolls of magic mapping {unknown}
 p - 2 scrolls of teleportation {unknown}
 s - a scroll of immolation {unknown}
 v - 2 scrolls of poison {unknown}
 y - a scroll of brand weapon {unknown}
Potions
 d - a potion of magic
 g - a potion of berserk rage
 h - a potion of flight {unknown}
 l - 3 potions of curing {unknown}
 u - a potion of heal wounds {unknown}
 x - a potion of brilliance {unknown}
 z - a potion of mutation {unknown}
Miscellaneous
 w - a phantom mirror


   Skills:
 - Level 2.1 Fighting
 + Level 1.0 Armour
 - Level 3.0 Dodging
 - Level 3.0 Stealth
 * Level 8.1 Spellcasting
 + Level 4.1 Conjurations
 + Level 2.3 Summonings
 - Level 1.1 Translocations
 - Level 1.1 Air Magic
 - Level 1.4 Poison Magic
 - Level 1.0 Evocations


You had 14 spell levels left.
You knew the following spells:

 Your Spells              Type           Power      Damage    Failure   Level
a - Magic Dart            Conj           100%       1d8       1%          1
b - Mephitic Cloud        Conj/Pois/Air  17%        N/A       10%         3
c - Call Imp              Summ           18%        N/A       4%          2
d - Blink                 Tloc           26%        N/A       8%          2

Your spell library contained the following spells:

 Spells                   Type           Power      Damage    Failure   Level
 Static Discharge         Conj/Air       38%        2-4/arc   4%          2
 Slow                     Hex            32%        N/A       8%          1
 Cigotuvi's Dreadful Rot  Necr/Pois/Air  24%        N/A       9%          2
 Vhi's Electric Charge    Tloc/Air       26%        N/A       16%         3
 Arcjolt                  Conj/Air       9%         1d19      58%         5
 Lightning Bolt           Conj/Air       9%         1d22      58%         5


Dungeon Overview and Level Annotations

Branches:
Dungeon (4/15)             Temple (1/1) D:4

Altars:
Cheibriados
Elyvilon
Fedhas
Gozag
Nemelex Xobeh
Qazlal
Ru
Uskayaw
Vehumet
Wu Jian
Xom
Yredelemnul
Zin

Annotations:
D:4 7 runed translucent doors, flotson's ghost, weakling DsDe


Message History

Your white imp closely misses the water moccasin.
The water moccasin closely misses you.
Unknown command.
It was a potion of invisibility.
You fade into invisibility!
* * * LOW HITPOINT WARNING * * *
You feel very sick. The water moccasin closely misses you.
Your white imp closely misses the water moccasin.
* * * LOW HITPOINT WARNING * * *
You feel very sick. The water moccasin misses you.
You see here a +0 dagger.
It was a potion of berserk rage.
A red film seems to cover your vision as you go berserk!
You feel yourself moving faster!
You feel mighty!
* * * LOW HITPOINT WARNING * * *
You feel sick.
Your white imp hits the water moccasin but does no damage.
The water moccasin closely misses you.
You closely miss the water moccasin.
The water moccasin is moderately wounded.
* * * LOW HITPOINT WARNING * * *
You feel sick. The water moccasin misses you.
Your white imp closely misses the water moccasin.
The water moccasin misses you.
You closely miss the water moccasin.
The water moccasin is moderately wounded.
* * * LOW HITPOINT WARNING * * *
You feel sick.
Your white imp closely misses the water moccasin.
The water moccasin barely misses you.
You closely miss the water moccasin.
The water moccasin is moderately wounded.
* * * LOW HITPOINT WARNING * * *
You feel sick. The water moccasin closely misses you.
Your white imp hits the water moccasin but does no damage.
You closely miss the water moccasin.
The water moccasin is moderately wounded.
You die...

#####...# ...[....#
.####...# ..# ##.##
..###..###
..##.....###########
...................##
#...######..######..#
...##)...####.5S@##.#
.#.#.#.##.##..###.#.#
#<.#.#).####.##.#.#.#
#..#†###..##.#.##.#.#
#..#.#.##.##.##.#.#.##
#..##.#.######.))##..##
#...###'# #'###....##
..#.....######.........#
####...##8$[8##....##..#


You could see a water moccasin (unable to see you, ally target) and a friendly
white imp (summoned).

Vanquished Creatures
  2 orc warriors (D:4)
  2 phantoms (D:4)
  A howler monkey (D:4)
  A hound (D:4)
  2 orc wizards (D:4)
  A scorpion zombie (D:4)
  3 gnolls (D:2)
  8 adders
  An ufetubus (D:4)
  An adder zombie (D:4)
  2 worms
  A dart slug (D:1)
  8 orcs
  6 bats
  5 endoplasms
  2 giant cockroaches (D:4)
  13 goblins
  12 hobgoblins
  5 jackals (D:1)
  3 quokkas
  8 ball pythons
  7 frilled lizards
  3 kobolds
  4 rats (D:1)
101 creatures vanquished.

Notes
Turn   | Place    | Note
-------+----------+-------------------------------------------
     0 | D:1      | pokeman the Deep Elf Hedge Wizard began the quest for the
                  | Orb.
     0 | D:1      | Reached XP level 1. HP: 10/10 MP: 7/7
   180 | D:1      | Reached XP level 2. HP: 15/15 MP: 5/9
   561 | D:1      | Reached skill level 5 in Spellcasting
   830 | D:1      | Reached XP level 3. HP: 20/20 MP: 8/11
   834 | D:1      | Learned a level 3 spell: Mephitic Cloud
   837 | D:1      | Learned a level 2 spell: Call Imp
   840 | D:1      | Learned a level 2 spell: Blink
  1310 | D:2      | Reached skill level 1 in Fighting
  1359 | D:2      | Reached skill level 1 in Armour
  1663 | D:2      | Reached XP level 4. HP: 25/25 MP: 8/13
  2472 | D:3      | Found an opulent altar of Gozag.
  2943 | D:3      | Reached skill level 6 in Spellcasting
  3107 | D:3      | Reached XP level 5. HP: 29/29 MP: 12/15
  3345 | D:4      | Found a large runed translucent door.
  3345 | D:4      | Found a large runed translucent door.
  3399 | D:4      | Found a large runed translucent door.
  3399 | D:4      | Found a large runed translucent door.
  3664 | D:4      | Found a runed translucent gate.
  3664 | D:4      | Found a runed translucent gate.
  3664 | D:4      | Found a runed translucent gate.
  3664 | D:4      | Noticed flotson's ghost (weakling DsDe)
  3669 | D:4      | Found a basalt altar of Yredelemnul.
  3686 | D:4      | Reached skill level 1 in Evocations
  3724 | D:4      | Reached skill level 1 in Air Magic
  3854 | D:4      | Reached XP level 6. HP: 34/34 MP: 10/17
  3898 | D:4      | Noticed an orc warrior
  3915 | D:4      | Killed an orc warrior
  3916 | D:4      | Reached skill level 7 in Spellcasting
  3916 | D:4      | Reached skill level 1 in Poison Magic
  4185 | D:4      | Noticed an orc warrior
  4213 | D:4      | Killed an orc warrior
  4214 | D:4      | Reached XP level 7. HP: 39/39 MP: 10/20
  4489 | D:4      | Found a staircase to the Ecumenical Temple.
  4496 | Temple   | Entered the Ecumenical Temple
  4663 | Temple   | Became a worshipper of Vehumet
  4816 | D:4      | Reached skill level 8 in Spellcasting
  4889 | D:4      | HP: 2/60 [poisoned by a water moccasin]
  4892 | D:4      | Succumbed to a water moccasin's poison

Illustrated notes

Levels and vault maps discovered:
D:1:      minmay_arrival_shoal_huts, layout_loops_ring
D:2:      layout_loops_ring, kennysheep_generic_room_16
D:3:      layout_loops_ring, grunt_gozag_statues, minmay_goblin_kobold_house
D:4:      layout_loops_ring, nicolae_yredelemnul_ghost_church,
          minmay_temple_entry_nine_rooms, minmay_hollow_rounded_squares
Temple:   nicolae_temple_figure_eight

Skill      XL: |  1  2  3  4  5  6  7 |
---------------+----------------------+-----
Spellcasting   | 5 6 7 8 |  8.1
Fighting       | 1 2 |  2.1
Armour         | 1 |  1.0
Conjurations   | 2 3 4 |  4.1
Stealth        | 3 |  3.0
Dodging        | 3 |  3.0
Evocations     | 1 |  1.0
Air Magic      | 1 |  1.1
Poison Magic   | 1 |  1.4
Summonings     | 2 |  2.3
Translocations | |  1.1

Action                     |  1- 3 |  4- 6 |  7- 9 || total
---------------------------+-------+-------+-------++-------
  Melee: Mace              |    11 |       |       ||    11
         Rapier            |       |    22 |     5 ||    27
         Morningstar       |       |       |     5 ||     5
   Cast: Magic Dart        |   100 |   116 |    51 ||   267
         Call Imp          |       |     5 |     2 ||     7
         Mephitic Cloud    |       |     4 |       ||     4
         Blink             |       |       |     2 ||     2
    Use: Potion            |       |       |     2 ||     2
   Stab: Sleeping          |     1 |       |       ||     1
 Armour: Robe              |     2 |     5 |     6 ||    13
  Dodge: Dodged            |    18 |    34 |    39 ||    91

Table legend: (Time is in decaauts)
 A = Elapsed time spent in this place.
 B = Non-inter-level travel time spent in this place.
 C = Inter-level travel time spent in this place.
 D = Time resting spent in this place.
 E = Time spent auto-exploring this place.
 F = Levels seen in this place.
 G = Mean time per level.
                   A        B        C        D        E       F      G
               +--------+--------+--------+--------+--------+-----+--------+
         Total |   4899 |   4719 |    180 |    151 |   3924 |   5 |  979.8 |
       Dungeon |   4696 |   4558 |    138 |    151 |   3765 |   4 | 1174.0 |
        Temple |    203 |    161 |     42 |      0 |    159 |   1 |  203.0 |
               +--------+--------+--------+--------+--------+-----+--------+

Top non-repeatable levels by time:
     D:4: 1380 daAuts
     D:2: 1244 daAuts
     D:1: 1190 daAuts
     D:3: 880 daAuts
  Temple: 203 daAuts
